MWL (24 & UNDER)
PLUMSTEAD EAGLES @ CINCINNATI PRIDE
07/12/2030
 
TOP OF THE 1ST
Plumstead Eagles batting - Pitching for Cincinnati Pride : RHP Carl Mason
Pitching: RHP Carl Mason
Batting: RHB Wayne Workman 0-0: Ball
1-0: Ball
2-0: Foul Ball, location: 2F
2-1: Swinging Strike
2-2: Ground out 1-3 (Groundball, 15)
Batting: LHB Mauro López 0-0: Called Strike
0-1: Ground out 5-3 (Groundball, 56S)
Batting: LHB Dennis McConnell 0-0: Ball
1-0: Foul Ball, location: 2F
1-1: Foul Ball, location: 2F
1-2: Foul Ball, location: 2F
1-2: Ball
2-2: Ball
3-2: Foul Ball, location: 2F
3-2: Ground out 1-3 (Groundball, 13)
Top of the 1st over - 0 runs, 0 hits, 0 errors, 0 left on base; Plumstead 0 - Cincinnati 0
BOTTOM OF THE 1ST
Cincinnati Pride batting - Pitching for Plumstead Eagles : LHP Luis Hernández
Pitching: LHP Luis Hernández
Batting: RHB Noah Sturges 0-0: Ball
1-0: Ground out U3 (Groundball, 34)
Batting: LHB Rubén Eirado 0-0: Ball
1-0: Ball
2-0: Foul Ball, location: 2F
2-1: SINGLE (Line Drive, 89M)
Batting: SHB Pete Jones 0-0: Ball
1-0: Foul Ball, location: 2F
1-1: Swinging Strike
1-2: Strikes out swinging
Batting: LHB Terry Barton 0-0: Ball
1-0: Swinging Strike
1-1: Swinging Strike
1-2: Strikes out swinging
Bottom of the 1st over - 0 runs, 1 hit, 0 errors, 1 left on base; Plumstead 0 - Cincinnati 0
TOP OF THE 2ND
Plumstead Eagles batting - Pitching for Cincinnati Pride : RHP Carl Mason
Batting: SHB Joaquín Gilera 0-0: Fly out, F9 (Line Drive, 89M)
Batting: RHB José Gonzáles 0-0: Swinging Strike
0-1: Swinging Strike
0-2: Strikes out looking
Batting: LHB Joe Rutherford 0-0: Called Strike
0-1: DOUBLE (Groundball, 3L)
Batting: LHB José Marín 0-0: SINGLE (Line Drive, 89M)
Joe Rutherford to third
Runner from 3rd tries for Home, SAFE, no throw
Batting: LHB António Álvarez 0-0: Ball
José Marín is caught stealing 2nd base
Top of the 2nd over - 1 run, 2 hits, 0 errors, 0 left on base; Plumstead 1 - Cincinnati 0
BOTTOM OF THE 2ND
Cincinnati Pride batting - Pitching for Plumstead Eagles : LHP Luis Hernández
Batting: LHB Kevin Hatcher 0-0: Ball
1-0: Foul Ball, location: 2F
1-1: Ground out 1-3 (Groundball, 13)
Batting: SHB Paco Estrada 0-0: Ball
1-0: Ball
2-0: Foul Ball, location: 2F
2-1: Ground out 6-3 (Groundball, 6)
Batting: RHB Travis Jackson 0-0: Ball
1-0: Ball
2-0: Called Strike
2-1: Foul Ball, location: 2F
2-2: Foul Ball, location: 2F
2-2: Ball
3-2: Foul Ball, location: 2F
3-2: Base on Balls
Batting: LHB José Esparza 0-0: Called Strike
0-1: Ball
1-1: Ball
2-1: Ground out U3 (Groundball, 3)
Bottom of the 2nd over - 0 runs, 0 hits, 0 errors, 1 left on base; Plumstead 1 - Cincinnati 0
TOP OF THE 3RD
Plumstead Eagles batting - Pitching for Cincinnati Pride : RHP Carl Mason
Batting: LHB António Álvarez 0-0: Ball
1-0: Called Strike
1-1: Swinging Strike
1-2: Strikes out swinging
Batting: RHB Roland Murphy 0-0: Ball
1-0: Ball
2-0: Fly out, F9 (Flyball, 9S)
Batting: RHB Wayne Workman 0-0: Ball
1-0: Called Strike
1-1: Fly out, F4 (Popup, 4)
Top of the 3rd over - 0 runs, 0 hits, 0 errors, 0 left on base; Plumstead 1 - Cincinnati 0
BOTTOM OF THE 3RD
Cincinnati Pride batting - Pitching for Plumstead Eagles : LHP Luis Hernández
Batting: RHB Aaron Adams 0-0: Ball
1-0: Called Strike
1-1: Swinging Strike
1-2: Strikes out swinging
Batting: RHB Noah Sturges 0-0: Ball
1-0: Ball
2-0: Called Strike
2-1: Ground out 6-3 (Groundball, 6S)
Batting: LHB Rubén Eirado 0-0: Ground out 6-3 (Groundball, 6)
Bottom of the 3rd over - 0 runs, 0 hits, 0 errors, 0 left on base; Plumstead 1 - Cincinnati 0
TOP OF THE 4TH
Plumstead Eagles batting - Pitching for Cincinnati Pride : RHP Carl Mason
Batting: LHB Mauro López 0-0: Called Strike
0-1: Foul Ball, location: 2F
0-2: Ball
1-2: Ball
2-2: Strikes out swinging
Pitching: LHP Pedro Castro
Batting: LHB Dennis McConnell 0-0: Foul Ball, location: 2F
0-1: Foul Ball, location: 2F
0-2: Strikes out swinging
Batting: SHB Joaquín Gilera 0-0: Ball
1-0: Ground out 5-3 (Groundball, 56S)
Top of the 4th over - 0 runs, 0 hits, 0 errors, 0 left on base; Plumstead 1 - Cincinnati 0
BOTTOM OF THE 4TH
Cincinnati Pride batting - Pitching for Plumstead Eagles : LHP Luis Hernández
Batting: SHB Pete Jones 0-0: Ball
1-0: Swinging Strike
1-1: Foul Ball, location: 2F
1-2: Ball
2-2: Strikes out swinging
Batting: LHB Terry Barton 0-0: Called Strike
0-1: Ball
1-1: Foul Ball, location: 2F
1-2: Ball
2-2: Strikes out swinging
Batting: LHB Kevin Hatcher 0-0: Called Strike
0-1: Ball
1-1: Ball
2-1: Swinging Strike
2-2: Ball
3-2: Foul Ball, location: 2F
3-2: Ground out 6-3 (Groundball, 56)
Bottom of the 4th over - 0 runs, 0 hits, 0 errors, 0 left on base; Plumstead 1 - Cincinnati 0
TOP OF THE 5TH
Plumstead Eagles batting - Pitching for Cincinnati Pride : LHP Pedro Castro
Batting: RHB José Gonzáles 0-0: Called Strike
0-1: Ball
1-1: Foul Ball, location: 2F
1-2: Ball
2-2: Strikes out swinging
Batting: LHB Joe Rutherford 0-0: Foul Ball, location: 2F
0-1: Ball
1-1: Called Strike
1-2: Strikes out swinging
Batting: LHB José Marín 0-0: Swinging Strike
0-1: Swinging Strike
0-2: Ball
1-2: Ball
2-2: Ball
3-2: Foul Ball, location: 2F
3-2: Strikes out swinging
Top of the 5th over - 0 runs, 0 hits, 0 errors, 0 left on base; Plumstead 1 - Cincinnati 0
BOTTOM OF THE 5TH
Cincinnati Pride batting - Pitching for Plumstead Eagles : LHP Luis Hernández
Batting: SHB Paco Estrada 0-0: Ball
1-0: Called Strike
1-1: Swinging Strike
1-2: Ball
2-2: Strikes out swinging passed ball, reaches first!
Batting: RHB Travis Jackson 0-0: Ball
1-0: Called Strike
1-1: Called Strike
1-2: Grounds into double play, 5-4-3 (Groundball, 56)
Batting: LHB José Esparza 0-0: Ball
1-0: Called Strike
1-1: SINGLE (Flyball, 89S)
Batting: RHB Aaron Adams 0-0: Ball
1-0: Called Strike
1-1: Ball
2-1: Foul Ball, location: 2F
2-2: Fly out, F2 (Popup, 15S)
Bottom of the 5th over - 0 runs, 1 hit, 0 errors, 1 left on base; Plumstead 1 - Cincinnati 0
TOP OF THE 6TH
Plumstead Eagles batting - Pitching for Cincinnati Pride : LHP Pedro Castro
Batting: LHB António Álvarez 0-0: Ball
1-0: Ball
2-0: Ball
3-0: Called Strike
3-1: Hit by Pitch
Batting: RHB Roland Murphy 0-0: Called Strike
0-1: Foul Ball, location: 2F
0-2: Ball
1-2: Foul Ball, location: 2F
1-2: Strikes out swinging
Batting: RHB Wayne Workman 0-0: Called Strike
0-1: Ball
1-1: Called Strike
1-2: Ball
2-2: Strikes out swinging
Batting: LHB Mauro López 0-0: Ball
1-0: Called Strike
1-1: Ball
2-1: Called Strike
2-2: Fly out, F8 (Line Drive, 8RM)
Top of the 6th over - 0 runs, 0 hits, 0 errors, 1 left on base; Plumstead 1 - Cincinnati 0
BOTTOM OF THE 6TH
Cincinnati Pride batting - Pitching for Plumstead Eagles : LHP Luis Hernández
Batting: RHB Noah Sturges 0-0: Called Strike
0-1: Ball
1-1: Called Strike
1-2: Strikes out swinging
Batting: LHB Rubén Eirado 0-0: Ball
1-0: Fly out, F8 (Flyball, 89M)
Batting: SHB Pete Jones 0-0: Ball
1-0: Ball
2-0: Ball
3-0: Called Strike
3-1: Called Strike
3-2: SINGLE (Groundball, 6MD)
Batting: LHB Terry Barton 0-0: Called Strike
0-1: Ball
1-1: DOUBLE (Line Drive, 7D)
Pete Jones to third
Batting: LHB Kevin Hatcher 0-0: Foul Ball, location: 2F
0-1: Called Strike
0-2: Strikes out swinging
Bottom of the 6th over - 0 runs, 2 hits, 0 errors, 2 left on base; Plumstead 1 - Cincinnati 0
TOP OF THE 7TH
Plumstead Eagles batting - Pitching for Cincinnati Pride : LHP Pedro Castro
Batting: LHB Dennis McConnell 0-0: Foul Ball, location: 2F
0-1: Ball
1-1: Ball
2-1: Ball
3-1: Called Strike
3-2: Strikes out looking
Batting: SHB Joaquín Gilera 0-0: Called Strike
0-1: Ball
1-1: Ball
2-1: Ball
3-1: Base on Balls
Batting: RHB José Gonzáles 0-0: Called Strike
0-1: Ball
1-1: Called Strike
1-2: Foul Ball, location: 2F
1-2: Ball
2-2: Ball
3-2: Foul Ball, location: 2F
3-2: DOUBLE (Line Drive, 78D)
Joaquín Gilera to third
Pinch Hitting: RHB Larry Johnson 0-0: Intentional Walk
Pinch Hitting: LHB Conan Bush 0-0: Called Strike
0-1: Foul Ball, location: 2F
0-2: Grounds into fielders choice 6-2 (Groundball, 6M)
José Gonzáles to third
Larry Johnson to second
Pinch Hitting: RHB Jimmy Myers 0-0: Ball
1-0: Ball
2-0: Ball
3-0: Called Strike
3-1: Base on Balls
José Gonzáles scores
Larry Johnson to third
Conan Bush to second
Pinch Hitting: LHB Roberto Rodríguez 0-0: Ball
1-0: Foul Ball, location: 2F
1-1: Ball
2-1: Foul Ball, location: 2F
2-2: Ground out 4-3 (Groundball, 34)
Top of the 7th over - 1 run, 1 hit, 0 errors, 3 left on base; Plumstead 2 - Cincinnati 0
BOTTOM OF THE 7TH
Cincinnati Pride batting - Pitching for Plumstead Eagles : LHP Luis Hernández
Now at 2B: Jimmy Myers
Now at 3B: Tom Robinson
Now at SS: José Acuña
Now in RF: Conan Bush
Batting: SHB Paco Estrada 0-0: Foul Ball, location: 2F
0-1: Foul Ball, location: 2F
0-2: Ball
1-2: Strikes out swinging
Pitching: RHP José Ortega
Batting: RHB Travis Jackson 0-0: Ball
1-0: Ball
2-0: Fly out, F8 (Line Drive, 8LD)
Pitching: LHP José López
Batting: LHB José Esparza 0-0: Called Strike
0-1: Foul Ball, location: 2F
0-2: Strikes out swinging
Bottom of the 7th over - 0 runs, 0 hits, 0 errors, 0 left on base; Plumstead 2 - Cincinnati 0
TOP OF THE 8TH
Plumstead Eagles batting - Pitching for Cincinnati Pride : LHP Pedro Castro
Batting: RHB Wayne Workman 0-0: Called Strike
0-1: Ball
1-1: Ground out 6-3 (Groundball, 6)
Batting: LHB Mauro López 0-0: Fly out, F9 (Flyball, 9)
Batting: LHB Dennis McConnell 0-0: Ball
1-0: Fly out, F6 (Line Drive, 6M)
Top of the 8th over - 0 runs, 0 hits, 0 errors, 0 left on base; Plumstead 2 - Cincinnati 0
BOTTOM OF THE 8TH
Cincinnati Pride batting - Pitching for Plumstead Eagles : LHP José López
Pitching: RHP Davis Morgan
Batting: RHB Aaron Adams 0-0: Called Strike
0-1: Ball
1-1: DOUBLE (Flyball, 8LD)
Batting: RHB Noah Sturges 0-0: Ball
1-0: Called Strike
1-1: Fly out, F4 (Line Drive, 4M)
Batting: LHB Rubén Eirado 0-0: Foul Ball, location: 2F
0-1: Called Strike
0-2: Ground out 4-3 (Groundball, 4)
Aaron Adams to third
Batting: SHB Pete Jones 0-0: Called Strike
0-1: Ground out 4-3 (Groundball, 34D)
Bottom of the 8th over - 0 runs, 1 hit, 0 errors, 1 left on base; Plumstead 2 - Cincinnati 0
TOP OF THE 9TH
Plumstead Eagles batting - Pitching for Cincinnati Pride : LHP Pedro Castro
Batting: SHB Joaquín Gilera 0-0: SOLO HOME RUN (Line Drive, 7LD), Distance : 357 ft
Pitching: RHP Orlando Martínez
Batting: RHB José Gonzáles 0-0: Ball
1-0: Called Strike
1-1: Ball
2-1: Ball
3-1: Called Strike
3-2: Strikes out swinging
Batting: RHB José Acuña 0-0: Ball
1-0: Ball
2-0: Ball
3-0: Called Strike
3-1: Base on Balls
Pitching: LHP Juan Valentín
Batting: LHB Conan Bush 0-0: Called Strike
0-1: Ball
1-1: Called Strike
1-2: Ball
2-2: SINGLE (Groundball, 34D)
José Acuña to second
Runner from 2nd tries for 3rd, SAFE, no throw
Pitching: RHP Héctor Fabián
Batting: RHB Jimmy Myers 0-0: Ball
Pickoff Throw to First - Out!
1-0: Foul Ball, location: 2F
1-1: Foul Ball, location: 2F
1-2: Ground out U3 (Groundball, 34)
Top of the 9th over - 1 run, 2 hits, 0 errors, 1 left on base; Plumstead 3 - Cincinnati 0
BOTTOM OF THE 9TH
Cincinnati Pride batting - Pitching for Plumstead Eagles : RHP Davis Morgan
Pitching: RHP Michael Knight
Batting: LHB Terry Barton 0-0: Swinging Strike
0-1: Called Strike
0-2: Ball
1-2: Ball
2-2: Foul Ball, location: 2F
2-2: Strikes out swinging
Batting: LHB Kevin Hatcher 0-0: Swinging Strike
0-1: Ball
1-1: Ball
2-1: Ball
3-1: Foul Ball, location: 2F
3-2: Ground out 3-1 (Groundball, 3S)
Batting: SHB Paco Estrada 0-0: Ground out 6-3 (Groundball, 6M)
Bottom of the 9th over - 0 runs, 0 hits, 0 errors, 0 left on base; Plumstead 3 - Cincinnati 0
Saturday, April 7th, 2018 - OOTP Baseball 18.8 Build 76